 Dungeon Crawl Stone Soup version 0.19.0-24-gb05acd6 (webtiles) character file.

13524 Haldmier the Grappler (level 11, -13/102 HPs)
             Began as a Troll Monk on Nov 23, 2016.
             Was a High Priest of Kikubaaqudgha.
             Mangled by a cyclops (29 damage)
             ... on level 11 of the Dungeon.
             The game lasted 00:48:03 (9076 turns).

Haldmier the Grappler (Troll Monk)                  Turns: 9076, Time: 00:48:03

Health: -13/102    AC: 10    Str: 21    XL:     11   Next: 76%
Magic:  14/14      EV: 13    Int:  9    God:    Kikubaaqudgha [*****.]
Gold:   528        SH:  0    Dex: 12    Spells: 2 memorised, 13 levels left

rFire  . . .     SeeInvis .       - Unarmed
rCold  . . .     Gourm    +     R - +0 troll leather armour
rNeg   . . .     Faith    .     (no shield)
rPois  .         Spirit   .     (helmet restricted)
rElec  .         Reflect  .     t - +2 cloak {+Inv}
rCorr  .         Harm     .     (gloves unavailable)
MR     +....                    (boots unavailable)
Stlth  +.........               (no amulet)
                                T - +3 ring of slaying
                                N - ring of protection from magic

@: no status effects
A: unfitting armour, claws 3, fast metabolism 3, gourmand, regeneration 1,
shaggy fur 1, tough skin 2
a: Receive Corpses, Torment, Renounce Religion, Evoke Invisibility


You were on level 11 of the Dungeon.
You worshipped Kikubaaqudgha.
Kikubaaqudgha was extremely pleased with you.
You were very full.

You visited 4 branches of the dungeon, and saw 14 of its levels.
You also visited: Ossuary.

You collected 786 gold pieces.
You spent 258 gold pieces at shops.

Inventory:

Hand Weapons
 C - a +0 blowgun
Missiles
 s - 19 tomahawks (quivered)
 y - a throwing net
 Q - 7 javelins
Armour
 a - a +0 robe
 t - a +2 cloak of invisibility (worn)
 R - a +0 troll leather armour (worn)
Jewellery
 i - a +3 ring of evasion
 o - an uncursed ring of resist corrosion
 H - an uncursed ring of see invisible
 N - a ring of protection from magic (left claw)
 T - a +3 ring of slaying (right claw)
Wands
 h - a wand of lightning (0/15)
 p - a wand of paralysis (10/24)
 v - a wand of acid (8/15)
 w - a wand of hasting (1/9)
 A - a wand of disintegration (16/24)
 J - a wand of polymorph (6/24)
Scrolls
 d - 3 scrolls of enchant weapon
 j - a scroll of remove curse
 q - 4 scrolls of blinking
 L - 2 scrolls of magic mapping
 P - a scroll of identify
 S - a scroll of silence
 U - a scroll of enchant armour
Potions
 c - a potion of mutation {unknown}
 e - 11 potions of heal wounds
 f - 10 potions of brilliance
 g - 3 potions of curing
 l - 2 potions of agility
 r - a potion of resistance {unknown}
 x - a potion of flight {unknown}
 z - 3 potions of invisibility
 B - 2 potions of magic {unknown}
 M - 2 potions of lignification {unknown}
 O - a potion of cure mutation {unknown}
Books
 D - Kikubaaqudgha's Catalogue of Sinister Rites
   (Kikubaaqudgha gifted it to you in the Ecumenical Temple)

   Spells                             Type                      Level
   a - Pain                           Necromancy                   1
   b - Corpse Rot                     Necromancy                   2
   c - Sublimation of Blood           Necromancy                   2
   d - Regeneration                   Charms/Necromancy            3
   e - Control Undead                 Necromancy                   4
 E - Kikubaaqudgha's Reference Book on Stolen Souls
   (Kikubaaqudgha gifted it to you in an ossuary)

   Spells                             Type                      Level
   a - Animate Dead                   Necromancy                   4
   b - Excruciating Wounds            Charms/Necromancy            5
   c - Bolt of Draining               Conjuration/Necromancy       5
   d - Cigotuvi's Embrace             Necromancy                   5
   e - Dispel Undead                  Necromancy                   5
 K - a book of Flames

   Spells                             Type                      Level
   a - Flame Tongue                   Conjuration/Fire             1
   b - Throw Flame                    Conjuration/Fire             2
   c - Conjure Flame                  Conjuration/Fire             3
   d - Inner Flame                    Hexes/Fire                   3
   e - Sticky Flame                   Conjuration/Fire             4
   f - Fireball                       Conjuration/Fire             5
 V - a book of Fire

   Spells                             Type                      Level
   a - Ignite Poison                  Fire/Transmutation/Poison    3
   b - Fireball                       Conjuration/Fire             5
   c - Bolt of Fire                   Conjuration/Fire             6
   d - Delayed Fireball               Conjuration/Fire             7
   e - Ring of Flames                 Charms/Fire                  7
Miscellaneous
 I - a sack of spiders
Comestibles
 b - 8 bread rations
 k - 3 chunks of flesh
 m - 8 slices of pizza
 n - 5 meat rations
 u - 2 royal jellies
 F - a beef jerky
 G - 3 fruits


   Skills:
 - Level 5.0 Fighting
 - Level 3.1 Throwing
 + Level 7.0 Dodging
 - Level 1.0 Stealth
 - Level 12.0 Unarmed Combat
 - Level 3.1 Spellcasting
 + Level 5.7 Necromancy
 + Level 5.1 Evocations


You had 13 spell levels left.
You knew the following spells:

 Your Spells              Type           Power        Failure   Level  Hunger
a - Pain                  Necr           ##..         3%          1    ##.....
b - Corpse Rot            Necr           N/A          6%          2    ###....


Dungeon Overview and Level Annotations

Branches:
Dungeon (11/15)            Temple (1/1) D:7            Lair (1/6) D:10
    Orc (1/2) D:9

Altars:
Ashenzari
Cheibriados
Dithmenos
Elyvilon
Fedhas
Gozag
Hepliaklqana
Kikubaaqudgha
Makhleb
Nemelex Xobeh
Okawaru
Qazlal
Ru
Sif Muna
Trog
Uskayaw
Vehumet
Xom
Yredelemnul
Zin
The Shining One
Beogh

Shops:
D:6 ?[?(   D:10 ((=!*

Annotations:
Lair:1 Fannar


Innate Abilities, Weirdness & Mutations

You are too large for most types of armour.
You have claws for hands.
Your metabolism is lightning-fast.
You like to eat raw meat.
Your natural rate of healing is unusually fast.
You are covered in fur. (AC +1)
You have very tough skin. (AC +2)


Message History

A cyclops comes into view.
The cyclops shouts!
The cyclops throws a large rock.
The large rock hits you!!
You see here a large rock.
You take 34 damage, and have 68/102 hp.
MASSIVE DAMAGE!!
The cyclops throws a large rock.
The large rock closely misses you.
The cyclops throws a large rock.
The large rock hits you!!!
You see here a large rock.
You take 39 damage, and have 31/102 hp.
MASSIVE DAMAGE!!
You regained 2 hp, and now have 33/102 hp.
You scratch the cyclops.
The cyclops is lightly wounded.
The cyclops hits you!!
* * * LOW HITPOINT WARNING * * *
You take 18 damage, and have 15/102 hp.
You claw the cyclops! x2
The cyclops is heavily wounded.
The cyclops hits you!!
You die...
Kikubaaqudgha rasps: "You have failed me!
Welcome... death!"

.#..# ...?....
..... #.......
#..#.##.#...#
#..#.#......
#..#.#....#######.
#..#(.............
##..##.....#.......
#<.....(..(........
#####......@C......
###............
##...........
##..........
##.........
#.........
##...P....
##.......


You could see a cyclops.

Vanquished Creatures
  An orc warlord (Orc:1)
  An orc high priest (Orc:1)
  The ghost of Philosophy the Fighter, a novice HOFi of Okawaru (D:8)
  2 hill giants (D:10)
  The ghost of Philosophy the Skirmisher, an amateur HOFi (D:4)
  2 trolls
  3 two-headed ogres
  Prince Ribbit (D:5)
  Sigmund (D:6)
  4 yaks (D:10)
  A wyvern (D:8)
  A human (D:8)
  2 hungry ghosts
  4 wargs
  2 water moccasins
  Duvessa (D:7)
  9 orc warriors
  3 ice beasts
  3 sky beasts
  4 phantoms
  4 centaurs
  A necrophage (D:9)
  5 ogres
  A crocodile (D:10)
  Blork the orc (D:5)
  6 bullfrogs
  A gnoll sergeant (D:6)
  Dowan (D:7)
  5 scorpions
  5 killer bees
  3 wights (D:7)
  3 howler monkeys
  4 centaur zombies
  6 crimson imps
  17 orc priests
  6 bullfrog zombies (Ossuary)
  4 hounds
  A bullfrog skeleton (D:4)
  A gnoll shaman (D:8)
  14 orc wizards
  Natasha (thrice) (D:4)
  2 iguanas
  10 worker ants
  A killer bee zombie (D:8)
  5 hound zombies
  A hound skeleton (D:7)
  11 mummies (Ossuary)
  3 worker ant zombies (Ossuary)
  13 gnolls
  7 adders
  2 shadow imps
  An ooze (D:2)
  2 worm zombies (D:8)
  An adder skeleton (D:4)
  A worm (D:4)
  A dart slug (D:1)
  3 leopard geckos
  62 orcs
  2 giant cockroaches
  6 goblins
  5 hobgoblins
  2 jackals (D:6)
  8 kobolds
  5 quokkas
  A ball python (D:3)
  A ball python zombie (Ossuary)
  6 bats
  A frilled lizard (D:3)
  A leopard gecko zombie (Ossuary)
  An orc zombie (D:8)
  A quokka skeleton (D:9)
  2 quokka zombies (Ossuary)
  5 rats
312 creatures vanquished.

Vanquished Creatures (others)
  A withered plant (Ossuary)
1 creature vanquished.

Grand Total: 313 creatures vanquished

Notes
Turn   | Place    | Note
-------+----------+-------------------------------------------
     0 | D:1      | Haldmier the Troll Monk began the quest for the Orb.
     0 | D:1      | Reached XP level 1. HP: 22/22 MP: 0/0
   193 | D:1      | Reached XP level 2. HP: 29/29 MP: 1/1
   410 | D:1      | Reached skill level 4 in Unarmed Combat
   809 | D:2      | Reached XP level 3. HP: 32/36 MP: 2/2
   975 | D:2      | Found a sacrificial altar of Ru.
  1407 | D:3      | Reached XP level 4. HP: 44/44 MP: 3/3
  1497 | D:3      | Reached skill level 5 in Unarmed Combat
  1501 | D:3      | Found a faded altar of an unknown god.
  1722 | D:4      | Reached XP level 5. HP: 48/50 MP: 4/4
  1735 | D:4      | Reached skill level 6 in Unarmed Combat
  1754 | D:4      | Noticed a centaur
  1760 | D:4      | Killed a centaur
  1760 | D:4      | Reached XP level 6. HP: 52/59 MP: 5/5
  1909 | D:4      | Noticed Natasha
  1914 | D:4      | Killed Natasha
  1914 | D:4      | Reached skill level 7 in Unarmed Combat
  1925 | D:4      | Noticed Philosophy's ghost (amateur HOFi)
  2085 | D:4      | Noticed Natasha
  2089 | D:4      | Killed Natasha
  2092 | D:4      | Noticed Natasha
  2101 | D:4      | Killed Natasha
  2247 | D:4      | Killed Philosophy's ghost
  2247 | D:4      | Reached skill level 8 in Unarmed Combat
  2247 | D:4      | Reached XP level 7. HP: 12/66 MP: 6/6
  2729 | D:5      | Entered Level 5 of the Dungeon
  2771 | D:5      | Reached skill level 9 in Unarmed Combat
  2976 | D:5      | Reached XP level 8. HP: 53/74 MP: 7/7
  3009 | D:5      | Reached skill level 10 in Unarmed Combat
  3141 | D:5      | Noticed a dagger
  3142 | D:5      | Noticed an enchanted hand axe
  3143 | D:5      | Found a hide-covered altar of Uskayaw.
  3251 | D:5      | Noticed Blork the orc
  3282 | D:5      | Killed Blork the orc
  3291 | D:5      | Noticed Prince Ribbit
  3317 | D:5      | Killed Prince Ribbit
  3776 | D:6      | Noticed Sigmund
  3886 | D:6      | Reached skill level 11 in Unarmed Combat
  3999 | D:6      | Killed Sigmund
  4061 | D:6      | Reached XP level 9. HP: 72/83 MP: 8/8
  4154 | D:6      | Found Feero's Magic Scroll Shoppe.
  4163 | D:6      | Bought a scroll of blinking for 97 gold pieces
  4225 | D:6      | Found Kaggesana's Magic Scroll Shoppe.
  4374 | D:6      | Found Onowkioh's Armour Emporium.
  4379 | D:6      | Bought a +0 cloak of invisibility for 161 gold pieces
  4552 | D:6      | Found Tetupt's Weapon Shop.
  4654 | D:7      | Noticed Duvessa
  4654 | D:7      | Noticed Dowan
  4660 | D:7      | Killed Duvessa
  4662 | D:7      | Killed Dowan
  4702 | D:7      | Reached skill level 1 in Throwing
  4735 | D:7      | Found a staircase to the Ecumenical Temple.
  4752 | Temple   | Entered the Ecumenical Temple
  4782 | Temple   | Became a worshipper of Kikubaaqudgha
  4782 | Temple   | Reached * piety under Kikubaaqudgha
  4782 | Temple   | Identified Kikubaaqudgha's Catalogue of Sinister Rites (Kikubaaqudgha gifted it to you in the Ecumenical Temple)
  4782 | Temple   | Received a gift from Kikubaaqudgha
  4782 | Temple   | Reached ** piety under Kikubaaqudgha
  4787 | Temple   | Learned a level 1 spell: Pain
  5131 | D:7      | Reached skill level 1 in Evocations
  5133 | D:7      | Reached skill level 1 in Necromancy
  5235 | D:7      | Found a hazy altar of Hepliaklqana.
  5257 | D:7      | Found a snail-covered altar of Cheibriados.
  5305 | D:7      | Found a white marble altar of Elyvilon.
  5314 | D:7      | Found an iron altar of Okawaru.
  5632 | D:7      | Reached skill level 1 in Spellcasting
  5807 | D:8      | Noticed Philosophy's ghost (novice HOFi)
  5820 | D:8      | Killed Philosophy's ghost
  5820 | D:8      | Reached XP level 10. HP: 52/94 MP: 9/11
  5911 | D:8      | Found a sand-covered staircase.
  5958 | Ossuary  | Entered an ossuary
  5995 | Ossuary  | Reached *** piety under Kikubaaqudgha
  5995 | Ossuary  | Identified Kikubaaqudgha's Reference Book on Stolen Souls (Kikubaaqudgha gifted it to you in an ossuary)
  5995 | Ossuary  | Received a gift from Kikubaaqudgha
  6380 | D:8      | Found a stormy altar of Qazlal.
  6488 | D:8      | Reached skill level 12 in Unarmed Combat
  6518 | D:8      | Reached **** piety under Kikubaaqudgha
  6938 | D:9      | Reached skill level 5 in Dodging
  7076 | D:9      | Reached skill level 5 in Fighting
  7100 | D:9      | Found a radiant altar of Vehumet.
  7133 | D:9      | Got a twisted shield
  7139 | D:9      | Identified the cursed -8 shield "Mofamow" {rF+ Str+3 Dex+4} (You found it on level 9 of the Dungeon)
  7664 | D:9      | Found a staircase to the Orcish Mines.
  7718 | D:9      | Reached ***** piety under Kikubaaqudgha
  7784 | Orc:1    | Entered Level 1 of the Orcish Mines
  7859 | Orc:1    | Noticed an orc knight
  7860 | Orc:1    | Noticed an orc knight
  7970 | Orc:1    | Found a roughly hewn altar of Beogh.
  7973 | Orc:1    | Noticed an orc high priest
  7993 | Orc:1    | Killed an orc high priest
  7993 | Orc:1    | Reached XP level 11. HP: 32/102 MP: 14/14
  8094 | Orc:1    | Learned a level 2 spell: Corpse Rot
  8094 | Orc:1    | Noticed an orc warlord
  8107 | Orc:1    | Noticed an orc high priest
  8113 | Orc:1    | Noticed an orc knight
  8117 | Orc:1    | Killed an orc warlord
  8120 | Orc:1    | Noticed a soul eater
  8141 | Orc:1    | Noticed an orc knight
  8146 | Orc:1    | Noticed an orc knight
  8237 | D:10     | Entered Level 10 of the Dungeon
  8292 | D:10     | Found Tomek's General Store.
  8305 | D:10     | Found Xyvuq's Jewellery Shop.
  8344 | D:10     | Noticed a hill giant
  8366 | D:10     | Killed a hill giant
  8390 | D:10     | Found Onamniab's Antique Weapon Boutique.
  8426 | D:10     | Reached skill level 5 in Necromancy
  8464 | D:10     | Found Vakygaz's Weapon Boutique.
  8522 | D:10     | Found Tuwad's Distillery.
  8542 | D:10     | Found a staircase to the Lair.
  8637 | D:10     | Reached skill level 5 in Evocations
  8676 | D:10     | Noticed a hill giant
  8688 | D:10     | Killed a hill giant
  8969 | Lair:1   | Entered Level 1 of the Lair of Beasts
  8990 | Lair:1   | Noticed Fannar
  9076 | D:11     | Mangled by a cyclops

Skill      XL: |  1  2  3  4  5  6  7  8  9 10 11 |
---------------+----------------------------------+-----
Unarmed Combat | 4 5 6 8 9 11 12 | 12.0
Fighting       | 3 4 5 |  5.0
Dodging        | 3 4 5 7 |  7.0
Throwing       | 2 3 |  3.1
Evocations     | 2 3 5 |  5.1
Necromancy     | 2 3 5 |  5.7
Spellcasting   | 1 3 |  3.1
Stealth        | |  1.0

Action                   |  1- 3 |  4- 6 |  7- 9 | 10-12 || total
-------------------------+-------+-------+-------+-------++-------
Melee: Unarmed           |    92 |    70 |   285 |   527 ||   974
       Punch             |     2 |     3 |    13 |    29 ||    47
Throw: Tomahawk          |       |       |     9 |     3 ||    12
Evoke: Wand              |       |     1 |       |     2 ||     3
  Use: Scroll            |       |       |    13 |    11 ||    24
       Potion            |       |       |       |     3 ||     3
 Stab: Sleeping          |       |       |       |     1 ||     1
  Eat: Chunk             |    14 |     1 |    42 |    30 ||    87
       Pizza             |       |     1 |       |       ||     1
       Fruit             |       |       |     3 |       ||     3
       Bread ration      |       |       |     1 |       ||     1
Armor: Robe              |    35 |     6 |    36 |    34 ||   111
       Troll leather arm |       |       |       |    46 ||    46
Dodge: Dodged            |    43 |    24 |   143 |   251 ||   461
